 Dungeon Crawl Stone Soup version 0.22-a0-866-geee5034 (webtiles) character file.

35 VLARC the Charmwright (level 3, 0/18 HPs)
             Began as a Vine Stalker Skald on July 28, 2018.
             Slain by an adder (4 damage)
             ... on level 2 of the Dungeon.
             The game lasted 00:01:56 (1247 turns).

VLARC the Charmwright (Vine Stalker Skald)          Turns: 1247, Time: 00:01:57

Health: 0/18       AC:  3    Str: 13    XL:     3   Next: 35%
Magic:  0/7        EV: 11    Int: 14    God:
Gold:   88         SH:  0    Dex: 13    Spells: 6/7 levels left

rFire    . . .     SeeInvis .   a - +0 falchion
rCold    . . .     Gourm    .   (no shield)
rNeg     . . .     Faith    .   b - +0 leather armour
rPois    .         Spirit   +   (no helmet)
rElec    .         Reflect  .   (no cloak)
rCorr    .         Harm     .   (no gloves)
MR       .....                  (no boots)
Stlth    +.........             (no amulet)
HPRegen  0.06/turn              (no ring)
MPRegen  0.10/turn              (no ring)

@: no status effects
A: fangs 2, magic shield, antimagic bite, no potion heal 3, rot immunity
a: no special abilities


You were on level 2 of the Dungeon.
You were not hungry.

You visited 1 branch of the dungeon, and saw 2 of its levels.

You collected 88 gold pieces.

Inventory:

Hand Weapons
 a - a +0 falchion (weapon)
Missiles
 h - 43 stones (quivered)
Armour
 b - a +0 leather armour (worn)
Jewellery
 e - an uncursed ring of protection from magic {unknown}
Wands
 j - a wand of digging (14)
Scrolls
 f - a scroll of teleportation {unknown}
 k - a scroll of blinking {unknown}
Potions
 c - 2 potions of agility
 g - 3 potions of heal wounds
 i - a potion of curing
Comestibles
 d - 2 rations
 l - a chunk of flesh


   Skills:
 + Level 2.2 Fighting
 * Level 2.6 Long Blades
 - Level 0.7 Armour
 - Level 1.5 Dodging
 + Level 2.6 Spellcasting
 - Level 3.0 Charms


You had 6 spell levels left.
You knew the following spells:

 Your Spells              Type           Power        Failure   Level  Hunger
a - Infusion              Chrm           ##..         9%          1    #......

Your spell library contained the following spells:

 Spells                   Type           Power        Failure   Level  Hunger
 Regeneration             Chrm/Necr      #.........   43%         3    ###....
 Shroud of Golubria       Chrm/Tloc      #.........   24%         2    ###....
 Song of Slaying          Chrm           ##......     12%         2    ###....
 Spectral Weapon          Hex/Chrm       #.......     43%         3    ###....


Dungeon Overview and Level Annotations

Branches:
Dungeon (2/15)

Altars:

Annotations:
D:1 Terence


Innate Abilities, Weirdness & Mutations

You have extremely sharp teeth.
When hurt, damage is shared between your health and your magic reserves.
Your bite disrupts and absorbs the magic of your enemies.
Potions cannot restore your health.
You are immune to rotting.


Message History

The adder bites you. x2
You closely miss the adder.
The adder is severely wounded.
You feel sick. The adder bites you.
It was a potion of heal wounds.
That seemed strangely inert.
The adder bites you.
You are lethally poisoned!
The adder poisons you!
It was a potion of curing.
Your system rejects the healing.
You feel better. The adder bites you.
* * * LOW HITPOINT WARNING * * *
The adder bites you.
* * * LOW HITPOINT WARNING * * *
You miss the adder.
The adder is severely wounded.
The adder barely misses you.
You closely miss the adder. Your bite misses the adder.
The adder is severely wounded.
The adder closely misses you. The adder bites you.
You die...

###############
###########.....†.......#
#..............###.#.##.#
#.#####..##>##. #.#.##.# #.#
#.....##. #.#..#.#
###.######†#####. #.##.#.#
#........#@# #. #.##.#.#
#####.#.####.#S......# #......#
...#.#..... ...###### ####.###
#####.#.##..# .#... #######.###
.........#..##.#.... #.........#
.)....).....## ...... #.##<##.#.#
.........#..####.....##.##.##.#.#
......#.##...........##.##....#†#
#.########.######## #)##.##.#.#


You could see an adder.

Vanquished Creatures
  3 oozes (D:1)
  A worm (D:2)
  2 dart slugs (D:1)
  A leopard gecko (D:1)
  A giant cockroach (D:2)
  2 goblins (D:2)
  2 hobgoblins
  2 bats
  A frilled lizard (D:1)
15 creatures vanquished.

Notes
Turn   | Place    | Note
-------+----------+-------------------------------------------
     0 | D:1      | VLARC the Vine Stalker Skald began the quest for the Orb.
     0 | D:1      | Reached XP level 1. HP: 11/11 MP: 4/4
   155 | D:1      | Reached XP level 2. HP: 15/15 MP: 6/6
   845 | D:1      | Reached XP level 3. HP: 18/18 MP: 7/7
   922 | D:2      | Noticed Terence
  1247 | D:2      | Slain by an adder

Vault maps used:
D:1:      enne_arrival_octagon_isle
D:2:      first_ration, uniq_terence

Skill      XL: |  1  2 |
---------------+-------+-----
Long Blades    | 2 |  2.6
Fighting       | 2 |  2.2
Armour         | |  0.7
Dodging        | |  1.5
Spellcasting   | |  2.6
Charms         | |  3.0

Action                   || total
-------------------------++-------
Melee: Falchion          ||    46
       Bite              ||    14
  Use: Scroll            ||     1
       Potion            ||     2
  Eat: Chunk             ||     1
Armor: Leather armour    ||    21
Dodge: Dodged            ||    37
       Rpst.: Falchion   ||    12

Table legend:
 A = Spawn XP
 B = Non-spawn XP
 C = Spawn XP percentage of total XP
 D = Spawn monster count
 E = Non-spawn monster count
 F = Spawn count percentage of total count
 G = Total turns spent on level
                    A         B        C        D         E        F      G
               +---------+---------+-------+---------+---------+-------+---------
         Total |       0 |      51 |   0.0 |       0 |      15 |   0.0 |  1247
               +---------+---------+-------+---------+---------+-------+---------
           D:1 |       0 |      37 |   0.0 |       0 |       9 |   0.0 |   966
           D:2 |       0 |      14 |   0.0 |       0 |       6 |   0.0 |   281
               +---------+---------+-------+---------+---------+-------+---------
